[Event "Titled Tuesday Blitz May 2 Early 2023"]
[White "Principe, Gerson"]
[Black "Li, Hui"]
[WhiteFideId "3804550"]
[BlackFideId "15400310"]
[WhiteElo "2229"]
[BlackElo "1967"]
[Result "1-0"]
[Round "06"]
[TimeControl "180+2"]
[Date "2023.05.02"]
[WhiteClock "0:00:58"]
[BlackClock "0:00:01"]

1. Nf3 d5 2. c4 e6 3. g3 Nf6 4. Bg2 dxc4 5. O-O a6 6. Ne5 Qd4 7. Nf3 Qd8 8. a4 Nc6 9. Na3 Na5 10. Qc2 Nb3 11. Ra2 Nxc1 12. Rxc1 Bxa3 13. Rxa3 O-O 14. Qxc4 c6 15. a5 Nd5 16. d4 Qe7 17. Rb3 Qc7 18. Ra3 Qe7 19. e3 Qb4 20. Qc2 Bd7 21. Ne5 Rfd8 22. Nd3 Qe7 23. Nc5 Be8 24. f4 Rac8 25. Rb3 Rc7 26. Be4 g6 27. Bf3 Ra8 28. Kg2 Ra7 29. e4 Nf6 30. Rd3 Nd7 31. b4 Nxc5 32. dxc5 Ra8 33. Rcd1 Rd7 34. Rd6 Rxd6 35. Rxd6 Rd8 36. e5 Rxd6 37. cxd6 Qd7 38. Qc5 f5 39. Qb6 Kf7 40. Qc5 Kg8 41. Be2 Kf7 42. Bc4 h6 43. h3 Kg8 44. g4 Bf7 45. Kg3 Kf8 46. Qb6 Ke8 47. Qa7 Bg8 48. Qb8+ Kf7 49. Qc7 1-0


[Site "https://www.chess.com"]

[Event "Titled Tuesday Blitz May 2 Early 2023"]
[White "Jimenez Almeida, Luis David"]
[Black "Szente Varga, Fruzsina"]
[WhiteFideId "22242244"]
[BlackFideId "712264"]
[WhiteElo "2245"]
[BlackElo "1994"]
[Result "1-0"]
[Round "06"]
[TimeControl "180+2"]
[Date "2023.05.02"]
[WhiteClock "0:01:19"]
[BlackClock "0:00:02"]

1. e4 Nf6 2. e5 Nd5 3. c4 Nb6 4. d4 d6 5. f4 g6 6. Nf3 Bg7 7. Nc3 dxe5 8. fxe5 O-O 9. Be3 Bg4 10. Be2 Nc6 11. b3 e6 12. O-O Ne7 13. Ne4 Nf5 14. Bg5 Qd7 15. Nc5 Qc6 16. h3 h6 17. hxg4 Ng3 18. Be3 Nxf1 19. Qxf1 Nd7 20. Nxd7 Qxd7 21. Rd1 c6 22. Qe1 g5 23. Bd3 Rad8 24. Bf2 f5 25. gxf5 exf5 26. d5 cxd5 27. cxd5 Kh8 28. d6 Rde8 29. Bd4 g4 30. Nh4 Re6 31. Bxf5 Rxf5 32. Nxf5 1-0


[Site "https://www.chess.com"]

[Event "Titled Tuesday Blitz May 2 Early 2023"]
[White "Karwowski, Kacper"]
[Black "Balague Camps, Marc"]
[WhiteFideId "1126032"]
[BlackFideId "2297914"]
[WhiteElo "2261"]
[BlackElo "2089"]
[Result "1-0"]
[Round "06"]
[TimeControl "180+2"]
[Date "2023.05.02"]
[WhiteClock "0:00:28"]
[BlackClock "0:00:33"]

1. d4 Nf6 2. c4 e6 3. g3 d5 4. Bg2 dxc4 5. Qa4+ Bd7 6. Qxc4 Bc6 7. Nf3 Qd5 8. Qc2 Bb4+ 9. Bd2 Na6 10. a3 Bxd2+ 11. Nbxd2 O-O-O 12. O-O Qf5 13. Qxf5 exf5 14. e3 Ne4 15. Rfd1 f6 16. Nxe4 fxe4 17. Nd2 Rhe8 18. Bf1 Bd5 19. Bxa6 bxa6 20. Rdc1 Re6 21. Rc5 Kb7 22. Rac1 Rd7 23. b4 Rc6 24. Rxc6 Bxc6 25. Nc4 Bd5 26. Nb2 Kb6 27. Rc5 c6 28. Na4+ Kb7 29. Ra5 Rf7 30. Nc5+ Kb6 31. Na4+ Kb7 32. Nc5+ Kb6 33. Nxa6 f5 34. Nc5 g5 35. Na4+ Kb7 36. Nc3 Bb3 37. g4 Be6 38. Re5 Bd7 39. gxf5 Bxf5 40. Nxe4 Kb6 41. Nd6 Bg6 42. Nxf7 Bxf7 43. Rxg5 a6 44. Rc5 Bg6 45. f3 1-0


[Site "https://www.chess.com"]

[Event "Titled Tuesday Blitz May 2 Early 2023"]
[White "Napoli, Nicolo"]
[Black "Baches Garcia, Guillermo"]
[WhiteFideId "813702"]
[BlackFideId "2209764"]
[WhiteElo "2308"]
[BlackElo "2334"]
[Result "0-1"]
[Round "06"]
[TimeControl "180+2"]
[Date "2023.05.02"]
[WhiteClock "0:02:24"]
[BlackClock "0:02:32"]

1. e4 c5 2. Nf3 d6 3. c3 Nf6 4. Qc2 Qc7 5. Bb5+ Bd7 6. Bxd7+ Nbxd7 7. O-O g6 8. d3 Bg7 9. h3 O-O 10. Be3 e5 11. Nbd2 d5 12. exd5 Nxd5 13. d4 cxd4 0-1


[Site "https://www.chess.com"]

[Event "Titled Tuesday Blitz May 2 Early 2023"]
[White "Horak, Martin"]
[Black "Buchenau, Frank"]
[WhiteFideId "367095"]
[BlackFideId "4604350"]
[WhiteElo "2091"]
[BlackElo "2157"]
[Result "1-0"]
[Round "06"]
[TimeControl "180+2"]
[Date "2023.05.02"]
[WhiteClock "0:00:08"]
[BlackClock "0:00:03"]

1. e4 e6 2. Nf3 d5 3. e5 c5 4. b4 cxb4 5. a3 Nc6 6. axb4 Bxb4 7. c3 Ba5 8. d4 Nge7 9. Bd3 Bd7 10. O-O b5 11. Ng5 h6 12. Qh5 g6 13. Qh3 b4 14. Nf3 bxc3 15. Ba3 Nb4 16. Bxb4 Bxb4 17. Rc1 Rc8 18. Rxa7 Qb6 19. Ra6 Qb7 20. Ra2 Bb5 21. Ne1 Nf5 22. Bxf5 exf5 23. Nxc3 O-O 24. Rac2 Bxc3 25. Rxc3 Rxc3 26. Qxc3 Kg7 27. g3 Bc4 28. Ng2 Rb8 29. Ne3 Rc8 30. h4 Qa6 31. Ra1 Qb5 32. Qa3 Rb8 33. Qe7 Qc6 34. Ra7 Rf8 35. h5 Qe8 36. Qf6+ Kg8 37. hxg6 1-0


[Site "https://www.chess.com"]

[Event "Titled Tuesday Blitz May 2 Early 2023"]
[White "Fathy, Elameir"]
[Black "Kubatko, Ivan"]
[WhiteFideId "10600396"]
[BlackFideId "24111473"]
[WhiteElo "2311"]
[BlackElo "2285"]
[Result "1-0"]
[Round "06"]
[TimeControl "180+2"]
[Date "2023.05.02"]
[WhiteClock "0:00:12"]
[BlackClock "0:00:03"]

1. d4 d5 2. c4 e6 3. Nf3 c5 4. cxd5 exd5 5. g3 Nc6 6. Bg2 Nf6 7. O-O Be7 8. dxc5 Bxc5 9. a3 O-O 10. b4 Bb6 11. Nc3 Re8 12. Bg5 d4 13. Na4 Bf5 14. Ne1 h6 15. Bxf6 Qxf6 16. Nd3 Be4 17. Bxe4 Rxe4 18. Nac5 Re7 19. Rc1 Rae8 20. Nf4 Qd6 21. Re1 Ne5 22. Qb3 Rd8 23. Nfd3 Ng4 24. Nf4 Nf6 25. a4 g5 26. Nfd3 Rde8 27. Rc2 Nd5 28. a5 Bd8 29. Na4 b6 30. a6 Kg7 31. Qb2 Nf6 32. Rec1 Ne4 33. Rc6 Qd7 34. e3 Kg8 35. Qxd4 Qe6 36. Rxe6 Rxe6 37. Rc8 Bf6 38. Rxe8+ Rxe8 39. Qd7 Rd8 40. Qf5 Rxd3 41. Qxe4 Rd1+ 42. Kg2 Kg7 43. Nxb6 Ra1 44. Nd7 Rxa6 45. Nxf6 Kxf6 46. b5 Rb6 47. Qd4+ Ke6 48. Qc4+ Ke7 49. h4 gxh4 50. Qc7+ Ke6 51. Qc4+ Ke7 52. Qxh4+ Kf8 53. Qd8+ Kg7 54. Qd4+ Kf8 55. Qc4 Re6 56. Qc5+ Kg7 57. Qxa7 Rf6 58. Qd4 Kg6 59. b6 1-0


[Site "https://www.chess.com"]

[Event "Titled Tuesday Blitz May 2 Early 2023"]
[White "Eggink, Ryszard"]
[Black "Blokhin, Sofia"]
[WhiteFideId "1125869"]
[BlackFideId "4508190"]
[WhiteElo "2283"]
[BlackElo "1994"]
[Result "1-0"]
[Round "06"]
[TimeControl "180+2"]
[Date "2023.05.02"]
[WhiteClock "0:01:29"]
[BlackClock "0:00:08"]

1. d4 f5 2. c4 g6 3. Nc3 Bg7 4. Bg5 Nf6 5. Qd2 O-O 6. Bh6 b6 7. O-O-O Bb7 8. f3 d6 9. d5 Nbd7 10. Nh3 Ne5 11. Bxg7 Kxg7 12. e3 Nh5 13. Nf4 Nxf4 14. exf4 Nd7 15. h4 h5 16. Bd3 c6 17. g4 cxd5 18. cxd5 fxg4 19. fxg4 hxg4 20. f5 Ne5 21. fxg6 g3 22. h5 Rf2 23. h6+ Kf6 24. Rdf1 Nxg6 25. Rxf2+ gxf2 26. Qxf2+ Ke5 27. Qf5+ Kd4 28. Qe4+ Kc5 29. Qc4# 1-0


[Site "https://www.chess.com"]

[Event "Titled Tuesday Blitz May 2 Early 2023"]
[White "Shuvalov, Evgenij"]
[Black "Kostiukov, Alexandr"]
[WhiteFideId "4187237"]
[BlackFideId "14108100"]
[WhiteElo "2080"]
[BlackElo "2202"]
[Result "1-0"]
[Round "06"]
[TimeControl "180+2"]
[Date "2023.05.02"]
[WhiteClock "0:00:05"]
[BlackClock "0:00:03"]

1. d4 g6 2. c4 Bg7 3. e4 d6 4. Nc3 e5 5. Be3 exd4 6. Bxd4 Nf6 7. f3 Nc6 8. Be3 O-O 9. Nge2 Ne5 10. Nd4 c6 11. Be2 d5 12. cxd5 cxd5 13. exd5 Nxd5 14. Nxd5 Qxd5 15. O-O Nc4 16. Bxc4 Qxc4 17. Qb3 Qxb3 18. axb3 a6 19. Rfd1 Rd8 20. Kf2 Be6 21. Nxe6 fxe6 22. Bb6 Bxb2 23. Rab1 Rxd1 24. Rxd1 Rf8 25. Rd6 e5 26. Ke3 Rc8 27. Rd3 Rc2 28. g4 Kf7 29. Rd7+ Ke6 30. Rxh7 Rc3+ 31. Kd2 Rxb3 32. Bf2 Rxf3 33. Ke2 Rb3 34. h4 a5 35. h5 gxh5 36. gxh5 b5 37. Rb7 b4 38. h6 Rh3 39. h7 e4 40. Kf1 Kf5 41. Kg2 Rh6 42. Be3 Rh5 43. Ra7 Kg4 44. Rf7 Be5 45. Ra7 Rh2+ 46. Kg1 Re2 47. Bf2 e3 48. Rxa5 exf2+ 49. Kf1 1-0


[Site "https://www.chess.com"]

[Event "Titled Tuesday Blitz May 2 Early 2023"]
[White "Zaitsev, Alexander"]
[Black "Biriukov, Ilja"]
[WhiteFideId "4164490"]
[BlackFideId "4113373"]
[WhiteElo "2373"]
[BlackElo "2426"]
[Result "0-1"]
[Round "06"]
[TimeControl "180+2"]
[Date "2023.05.02"]
[WhiteClock "0:00:01"]
[BlackClock "0:00:19"]

1. d4 Nf6 2. c4 g6 3. Nc3 Bg7 4. e4 d6 5. Nf3 O-O 6. Be2 Nbd7 7. Be3 e5 8. O-O Ng4 9. Bg5 f6 10. Bd2 Nh6 11. d5 a5 12. a3 f5 13. Ng5 Nc5 14. b4 axb4 15. axb4 Rxa1 16. Qxa1 Nxe4 17. Ncxe4 fxe4 18. Ne6 Bxe6 19. dxe6 Nf5 20. Qa7 b6 21. c5 bxc5 22. bxc5 Nd4 23. Re1 Nxe6 24. cxd6 cxd6 25. Bb4 Nd4 26. Bc4+ Kh8 27. Rxe4 Qg5 28. Rxd4 exd4 29. Bxd6 Re8 30. Bf1 d3 31. Qd7 Rd8 32. Qc7 h5 0-1


[Site "https://www.chess.com"]

[Event "Titled Tuesday Blitz May 2 Early 2023"]
[White "Allahverdiyeva, Ayan"]
[Black "Chernov, Mikhail"]
[WhiteFideId "13412590"]
[BlackFideId "24143170"]
[WhiteElo "1980"]
[BlackElo "2113"]
[Result "1/2-1/2"]
[Round "06"]
[TimeControl "180+2"]
[Date "2023.05.02"]
[WhiteClock "0:00:09"]
[BlackClock "0:00:19"]

1. e4 c5 2. Nf3 Nc6 3. Bb5 g6 4. Bxc6 bxc6 5. O-O Bg7 6. Re1 Nh6 7. c3 O-O 8. d4 cxd4 9. cxd4 d6 10. h3 f6 11. Nc3 Nf7 12. Be3 Qa5 13. d5 c5 14. Nd2 Ne5 15. Qc2 Ba6 16. Ne2 f5 17. Nf4 Rfb8 18. exf5 Rxb2 19. Qe4 Rxd2 20. Bxd2 Qxd2 21. fxg6 hxg6 22. Nxg6 Bd3 23. Nxe7+ Kf7 24. Qa4 Kxe7 25. f4 Qb4 26. Qc6 Rd8 27. fxe5 Bxe5 28. Rxe5+ dxe5 29. Qe6+ Kf8 30. Qf6+ Ke8 31. Qe6+ Kf8 32. Qf6+ Ke8 33. Qe6+ Kf8 1/2-1/2


[Site "https://www.chess.com"]

[Event "Titled Tuesday Blitz May 2 Early 2023"]
[White "Arpita, Mukherjee"]
[Black "Kohler, Aran"]
[WhiteFideId "5056403"]
[BlackFideId "1002856"]
[WhiteElo "2129"]
[BlackElo "2010"]
[Result "1-0"]
[Round "06"]
[TimeControl "180+2"]
[Date "2023.05.02"]
[WhiteClock "0:00:58"]
[BlackClock "0:00:33"]

1. e4 c5 2. Nf3 a6 3. c3 d6 4. d4 cxd4 5. cxd4 e6 6. Nc3 Be7 7. Bd3 Nf6 8. O-O Nbd7 9. e5 dxe5 10. dxe5 Ng4 11. Qe2 Qc7 12. Bf4 g5 13. Bg3 h5 14. Rac1 Qb8 15. h4 gxh4 16. Bf4 Rg8 17. Ne4 h3 18. g3 Ndxe5 19. Nxe5 h2+ 20. Kh1 Nxe5 21. Rxc8+ Qxc8 22. Bxe5 Qc6 23. f3 h4 24. g4 f5 25. gxf5 Rg1+ 26. Rxg1 hxg1=Q+ 27. Kxg1 O-O-O 28. f6 Qb6+ 29. Kh2 Bf8 30. Qc2+ Kd7 31. f7 Rc8 32. Qd2 Ke7 33. Bd6+ Kxf7 34. Qf4+ Kg8 35. Nf6+ Kg7 36. Qg5+ Kf7 37. Qg6# 1-0


[Site "https://www.chess.com"]

[Event "Titled Tuesday Blitz May 2 Early 2023"]
[White "Castellanos Gomez, Alejandro"]
[Black "Wessendorf, Thomas, Dr."]
[WhiteFideId "22284141"]
[BlackFideId "4604270"]
[WhiteElo "2158"]
[BlackElo "2280"]
[Result "1-0"]
[Round "06"]
[TimeControl "180+2"]
[Date "2023.05.02"]
[WhiteClock "0:00:17"]
[BlackClock "0:00:04"]

1. d4 Nf6 2. Bf4 c5 3. e3 d5 4. c3 cxd4 5. exd4 Nc6 6. Nd2 e6 7. Ngf3 Bd6 8. Bg3 O-O 9. Bd3 Re8 10. Ne5 Ne7 11. O-O Ng6 12. f4 Bd7 13. h4 Ne4 14. Nxe4 dxe4 15. Bxe4 f5 16. Bc2 Bb5 17. Re1 Nxh4 18. Bb3 Bxe5 19. dxe5 Ng6 20. Qxd8 Raxd8 21. Rad1 Kf7 22. Rd6 Bc6 23. Red1 Rxd6 24. Rxd6 Nf8 25. a4 Rc8 26. a5 Be4 27. a6 bxa6 28. Rxa6 Rc7 29. Bf2 Rb7 30. Rxa7 Rxa7 31. Bxa7 Nd7 32. Ba4 Ke7 33. b4 Kd8 34. c4 Kc7 35. Kf2 Nb6 36. Bb3 Nc8 37. Bc5 Kd7 38. g3 g6 39. Ke3 Bg2 40. Kd4 Kc7 41. b5 Kb7 42. Bb4 Nb6 43. Ba5 Na8 44. c5 Nc7 45. Bxc7 Kxc7 46. Bxe6 1-0


[Site "https://www.chess.com"]

[Event "Titled Tuesday Blitz May 2 Early 2023"]
[White "Levitan, Caleb Levi"]
[Black "Eidelman, Gabriel"]
[WhiteFideId "14332620"]
[BlackFideId "30910544"]
[WhiteElo "1963"]
[BlackElo "2209"]
[Result "0-1"]
[Round "06"]
[TimeControl "180+2"]
[Date "2023.05.02"]
[WhiteClock "0:00:01"]
[BlackClock "0:00:11"]

1. e4 d6 2. d4 g6 3. Nc3 Bg7 4. Bf4 Nd7 5. Nf3 e5 6. Be3 Ngf6 7. h3 O-O 8. Bc4 b6 9. O-O Bb7 10. d5 Nc5 11. Bxc5 bxc5 12. Nd2 Nh5 13. Be2 Nf4 14. Bf3 Bc8 15. Ne2 Nxe2+ 16. Qxe2 f5 17. Kh1 Qh4 18. Rae1 Bh6 19. Qd3 Bxd2 20. Qxd2 f4 21. Kh2 h5 22. Qe2 Kf7 23. Qb5 Ke7 24. Qc6 Bd7 25. Qxc7 g5 26. g4 fxg3+ 27. fxg3 Qxh3+ 28. Kg1 Qxg3+ 29. Bg2 Rf4 30. Rxf4 gxf4 31. Rf1 h4 32. Rf3 Qg4 33. Kf2 Rg8 34. Bh3 Qg1+ 35. Ke2 Rg2+ 36. Bxg2 Qxg2+ 37. Rf2 Qxe4+ 38. Kf1 Qh1+ 39. Ke2 Qe4+ 40. Kf1 Qxd5 41. Rg2 Qd1+ 42. Kf2 Qxc2+ 43. Kf3 Qd3+ 44. Kf2 Qe3+ 45. Kf1 Qc1+ 46. Kf2 Qxb2+ 47. Kg1 Qb1+ 48. Kh2 Qh7 49. Rd2 Qg6 50. Rg2 Qf6 51. Rb2 f3 52. Rb7 Qe6 53. Rxa7 Qh3+ 54. Kg1 Qg2# 0-1


[Site "https://www.chess.com"]

[Event "Titled Tuesday Blitz May 2 Early 2023"]
[White "Lopez Gracia, Fernando"]
[Black "Gurevich, Dmitry"]
[WhiteFideId "2207184"]
[BlackFideId "2000407"]
[WhiteElo "2255"]
[BlackElo "2506"]
[Result "1/2-1/2"]
[Round "06"]
[TimeControl "180+2"]
[Date "2023.05.02"]
[WhiteClock "0:00:14"]
[BlackClock "0:00:03"]

1. d4 Nf6 2. c4 a6 3. Nf3 c5 4. e3 e6 5. Nc3 d5 6. cxd5 exd5 7. Bd3 c4 8. Bc2 b5 9. a3 Bb7 10. O-O Bd6 11. e4 dxe4 12. Ng5 O-O 13. Ngxe4 Nxe4 14. Nxe4 Be7 15. Qh5 g6 16. Qh3 Nd7 17. Bh6 Re8 18. Rfe1 Rc8 19. Rad1 Bd5 20. Nc3 Nf6 21. Bg5 Bb7 22. Qh4 Rc7 23. h3 Nh5 24. Bxe7 Rcxe7 25. Rxe7 Rxe7 26. f3 Kg7 27. d5 Nf6 28. Qd4 Rd7 29. d6 Kg8 30. b3 Ne8 31. bxc4 Rxd6 32. Qc5 Rxd1+ 33. Nxd1 Qd2 34. Ne3 bxc4 35. Ba4 Nd6 36. Nf1 Qd3 37. Bc2 Qxc2 38. Qxd6 Kg7 39. Qd4+ Kh6 40. Qf4+ Kg7 41. Qe5+ Kh6 42. Qf4+ Kg7 43. Qd4+ Kh6 44. Qf4+ 1/2-1/2


[Site "https://www.chess.com"]

[Event "Titled Tuesday Blitz May 2 Early 2023"]
[White "Torres Dominguez, David"]
[Black "Seletsky, Grigory"]
[WhiteFideId "2220857"]
[BlackFideId "14112191"]
[WhiteElo "1999"]
[BlackElo "2490"]
[Result "0-1"]
[Round "06"]
[TimeControl "180+2"]
[Date "2023.05.02"]
[WhiteClock "0:00:01"]
[BlackClock "0:00:48"]

1. e4 c5 2. Nc3 Nc6 3. Bb5 Nd4 4. Bc4 g6 5. Nf3 Bg7 6. Nxd4 cxd4 7. Qf3 e6 8. Nb5 d6 9. Qa3 Ke7 10. c3 dxc3 11. bxc3 a6 12. Nd4 Nf6 13. e5 Ne8 14. Nf3 Kf8 15. d4 Kg8 16. O-O d5 17. Bd3 Bd7 18. Rb1 Bc6 19. Qb2 h6 20. Re1 Rc8 21. Be3 Qd7 22. Qd2 Nc7 23. h3 Bb5 24. Bc2 Qc6 25. a4 Bc4 26. Nh2 h5 27. Bg5 b5 28. axb5 Nxb5 29. f4 Na3 30. Ra1 Nxc2 31. Qxc2 Bb5 32. f5 exf5 33. Re3 Kh7 34. Qf2 Rhe8 35. Nf3 Kg8 36. Rae1 Re6 37. g4 fxg4 38. hxg4 hxg4 39. Nh2 Qc4 40. Nxg4 Qb3 41. Nf6+ Kf8 42. Qh2 Rxc3 0-1


[Site "https://www.chess.com"]

[Event "Titled Tuesday Blitz May 2 Early 2023"]
[White "Sanchez, German"]
[Black "Womacka, Mathias"]
[WhiteFideId "4403959"]
[BlackFideId "4611390"]
[WhiteElo "1816"]
[BlackElo "2377"]
[Result "0-1"]
[Round "06"]
[TimeControl "180+2"]
[Date "2023.05.02"]
[WhiteClock "0:00:03"]
[BlackClock "0:00:19"]

1. e4 c5 2. Nf3 d6 3. d4 cxd4 4. Nxd4 Nf6 5. Nc3 a6 6. Be3 e5 7. Nb3 Be7 8. f3 Be6 9. Qd2 O-O 10. O-O-O Nbd7 11. g4 Qc7 12. g5 Nh5 13. h4 b5 14. Bh3 Nb6 15. Bg4 Nc4 16. Qf2 Nxe3 17. Qxe3 Nf4 18. Ne2 Nxe2+ 19. Qxe2 a5 20. Kb1 a4 21. Nc1 a3 22. b3 Rac8 23. Qd2 Rfd8 24. Nd3 d5 25. Bxe6 fxe6 26. h5 dxe4 27. fxe4 Rd4 28. g6 Rxe4 29. h6 hxg6 30. hxg7 g5 31. Rh2 Kxg7 32. Rdh1 Rh4 33. Rxh4 gxh4 34. Qg2+ Kf7 35. Rg1 Bf6 36. Qg6+ Ke7 37. Qh7+ Kd6 38. Qe4 Qc3 39. Rd1 Kc7 40. Rc1 Kb6 41. Qg4 e4 42. Qxe6+ Rc6 43. Qxe4 Qa1# 0-1


[Site "https://www.chess.com"]

[Event "Titled Tuesday Blitz May 2 Early 2023"]
[White "Mirzoev, Azer"]
[Black "Prudnykova, Olga"]
[WhiteFideId "13400304"]
[BlackFideId "14121093"]
[WhiteElo "2525"]
[BlackElo "2113"]
[Result "0-1"]
[Round "06"]
[TimeControl "180+2"]
[Date "2023.05.02"]
[WhiteClock "0:00:01"]
[BlackClock "0:00:11"]

1. e4 c5 2. Nc3 a6 3. g3 b5 4. Bg2 Bb7 5. d3 e6 6. f4 d5 7. Qe2 b4 8. Nd1 Nf6 9. Nh3 dxe4 10. dxe4 Nc6 11. Ndf2 Nd4 12. Qd1 Qb6 13. c3 Nb5 14. Qc2 bxc3 15. bxc3 c4 16. O-O Be7 17. a4 Nc7 18. Rb1 Qc6 19. Be3 Rb8 20. Rb6 Qd7 21. Rfb1 Na8 22. Rxa6 O-O 23. Ra7 Qc8 24. a5 Re8 25. Ng5 h6 26. Nf3 Bc6 27. Rxb8 Qxb8 28. Ne5 Bb7 29. a6 Bc8 30. h3 Nc7 31. Qa2 Nb5 32. Rxe7 Rxe7 0-1


[Site "https://www.chess.com"]

[Event "Titled Tuesday Blitz May 2 Early 2023"]
[White "Golubev, Mikhail"]
[Black "De Souza, Cristiano Gomes"]
[WhiteFideId "14100983"]
[BlackFideId "2151758"]
[WhiteElo "2374"]
[BlackElo "2068"]
[Result "0-1"]
[Round "06"]
[TimeControl "180+2"]
[Date "2023.05.02"]
[WhiteClock "0:00:01"]
[BlackClock "0:00:15"]

1. d4 Nf6 2. g3 g6 3. Bg2 Bg7 4. e4 d6 5. Ne2 O-O 6. O-O Na6 7. c4 c5 8. Nbc3 cxd4 9. Nxd4 Nc5 10. Qc2 Nfxe4 11. Nxe4 Bxd4 12. Bh6 Bg7 13. Bxg7 Kxg7 14. Qc3+ Kg8 15. Nxc5 dxc5 16. Rad1 Qc7 17. Rfe1 Be6 18. Rxe6 fxe6 19. Bh3 Rf6 20. Re1 Qc6 21. Qe3 Raf8 22. Bxe6+ Kg7 23. Bd5 Qd6 24. Qxe7+ Qxe7 25. Rxe7+ Kh8 26. f3 Ra6 27. Rxb7 Rxa2 28. Kf2 a5 29. g4 a4 30. Kg3 a3 31. bxa3 Rxa3 32. Rc7 Ra2 33. Rxc5 Re8 34. g5 h6 35. h4 hxg5 36. hxg5 Re7 37. Rc8+ Kh7 38. Be4 Ra3 39. Kg4 Ra1 40. Rc6 Rg1+ 41. Kh4 Rh1+ 42. Kg3 Rg1+ 43. Kf4 Rg7 44. c5 Rc1 45. Rc8 Rf7+ 46. Ke3 Re1+ 47. Kd2 Rg1 48. c6 Rxg5 49. Ke3 Rc5 50. Rd8 Kg7 51. Rd6 Rf6 52. Rd7+ Rf7 53. Rd6 Rf6 54. Rd7+ Kh6 55. c7 Kg5 56. Bb7 Re6+ 57. Kd4 Rxc7 58. Rxc7 Kf4 59. Be4 g5 60. Kd5 Rf6 61. Rc4 Kg3 0-1


[Site "https://www.chess.com"]

[Event "Titled Tuesday Blitz May 2 Early 2023"]
[White "Liu, Casper"]
[Black "Kornyukov, Alexey"]
[WhiteFideId "1454153"]
[BlackFideId "4150457"]
[WhiteElo "2221"]
[BlackElo "2352"]
[Result "1-0"]
[Round "06"]
[TimeControl "180+2"]
[Date "2023.05.02"]
[WhiteClock "0:02:20"]
[BlackClock "0:00:21"]

1. e4 c5 2. a3 Nc6 3. b4 cxb4 4. d4 d5 5. axb4 dxe4 6. c3 Nf6 7. b5 Nb8 8. Bf4 e6 9. Bxb8 Rxb8 10. Rxa7 Bd6 11. Nd2 O-O 12. Qc2 Nd5 13. Nxe4 f5 14. Nxd6 Qxd6 15. Nf3 Qb6 16. Ra1 Bd7 17. c4 Nb4 18. Qb3 Qd6 19. c5 Qd5 20. Qxb4 Qe4+ 21. Be2 b6 22. c6 Be8 23. Ra2 Bh5 24. O-O 1-0


[Site "https://www.chess.com"]

[Event "Titled Tuesday Blitz May 2 Early 2023"]
[White "Melikhov, Evgeny V."]
[Black "Antonio, Jorge Carlos"]
[WhiteFideId "4122046"]
[BlackFideId "113190"]
[WhiteElo "2158"]
[BlackElo "2247"]
[Result "1-0"]
[Round "06"]
[TimeControl "180+2"]
[Date "2023.05.02"]
[WhiteClock "0:00:09"]
[BlackClock "0:00:01"]

1. d4 d5 2. c4 c6 3. Nc3 dxc4 4. e4 b5 5. a4 Qb6 6. axb5 cxb5 7. b3 e6 8. bxc4 Bb4 9. Bb2 Nf6 10. c5 Qb7 11. f3 Nc6 12. Kf2 O-O 13. Nxb5 e5 14. Nd6 Qc7 15. Nb5 Qe7 16. Ne2 exd4 17. Nbxd4 Bxc5 18. Rc1 Rd8 19. Rxc5 Qxc5 20. Qc2 Qxc2 21. Nxc2 Rd2 22. Bxf6 Rxc2 23. Bg5 Nd4 24. Ke3 Nxe2 25. Bxe2 f6 26. Bf4 g5 27. Bg3 a5 28. Bd3 Rc3 29. Kd2 Ra3 30. Bc4+ Kg7 31. Rd1 Ba6 32. Bxa6 Rxa6 33. Kc2 Ra2+ 34. Kb3 Rxg2 35. Rd7+ Kg6 36. Ka4 Ra2+ 37. Kb5 Ra8 38. Rd6 a4 39. e5 Kf7 40. Rxf6+ Kg7 41. Rc6 a3 42. e6 Rb2+ 43. Kc4 a2 44. Be5+ Kg6 45. Bxb2 Rb8 46. Bd4 Ra8 47. Kd5 Ra4 48. Be5 Ra5+ 49. Rc5 Ra4 50. e7 Ra8 51. Ke6 Ra6+ 52. Kd7 Ra7+ 53. Rc7 Ra5 54. e8=Q+ Kf5 55. Qe6# 1-0


[Site "https://www.chess.com"]

[Event "Titled Tuesday Blitz May 2 Early 2023"]
[White "Clawitter, Craig"]
[Black "Topalov, Aleksandar"]
[WhiteFideId "2023105"]
[BlackFideId "925659"]
[WhiteElo "2050"]
[BlackElo "2151"]
[Result "1-0"]
[Round "06"]
[TimeControl "180+2"]
[Date "2023.05.02"]
[WhiteClock "0:00:14"]
[BlackClock "0:01:29"]

1. e4 e6 2. d4 d5 3. e5 Ne7 4. Nf3 Qd7 5. Bd3 b6 6. O-O Ba6 7. Bxa6 Nxa6 8. h4 h5 9. c4 dxc4 10. Nbd2 b5 11. a4 Nb4 12. axb5 Qxb5 13. Qe2 Nd3 14. b3 cxb3 15. Ne1 b2 16. Bxb2 Qxb2 17. Nxd3 Qxd4 18. Nf3 Qd5 19. Nf4 Qd7 20. Rfd1 Nd5 21. Nxd5 exd5 22. Ng5 Be7 23. e6 fxe6 24. Nxe6 Kf7 25. Qf3+ Bf6 26. Ng5+ Kg6 27. Rxd5 Qg4 28. Qd3+ Kh6 29. f3 Qxh4 30. Nf7# 1-0


[Site "https://www.chess.com"]

[Event "Titled Tuesday Blitz May 2 Early 2023"]
[White "Gatterer, Florian"]
[Black "Amitpal, Singh"]
[WhiteFideId "811688"]
[BlackFideId "5012899"]
[WhiteElo "2221"]
[BlackElo "2107"]
[Result "1-0"]
[Round "06"]
[TimeControl "180+2"]
[Date "2023.05.02"]
[WhiteClock "0:01:02"]
[BlackClock "0:00:03"]

1. d4 Nf6 2. Bf4 e6 3. e3 d5 4. Nf3 c5 5. Nbd2 Nc6 6. c3 Bd6 7. Bg3 O-O 8. Bd3 a6 9. Qe2 b5 10. e4 dxe4 11. Nxe4 c4 12. Bc2 Be7 13. Nxf6+ Bxf6 14. Qe4 Re8 15. Qxc6 Ra7 16. Qe4 h6 17. Be5 Bb7 18. Qe3 b4 19. Be4 bxc3 20. bxc3 Bd5 21. O-O Ra8 22. Rfb1 Bxe5 23. Nxe5 Bxe4 24. Qxe4 Qd5 25. Qxd5 exd5 26. Kf1 f6 27. Nf3 Re7 28. Rb2 Rae8 29. g3 Kf7 30. Re1 Rxe1+ 31. Nxe1 g5 32. g4 Kg6 33. Rb6 a5 34. h3 Ra8 35. a4 h5 36. Nf3 h4 37. Ne5+ Kg7 38. Rb7+ Kg8 39. Nd7 f5 40. Nf6+ Kh8 41. Rh7# 1-0


[Site "https://www.chess.com"]

[Event "Titled Tuesday Blitz May 2 Early 2023"]
[White "Novikova, Galina"]
[Black "Srdanovic, Jovana"]
[WhiteFideId "4157095"]
[BlackFideId "954810"]
[WhiteElo "1953"]
[BlackElo "2145"]
[Result "0-1"]
[Round "06"]
[TimeControl "180+2"]
[Date "2023.05.02"]
[WhiteClock "0:00:04"]
[BlackClock "0:00:11"]

1. e4 c6 2. d4 d5 3. e5 Na6 4. Nc3 Bf5 5. a3 Nc7 6. Be3 h5 7. Nf3 g6 8. Be2 Bh6 9. O-O Qd7 10. b4 Ne6 11. Qd2 Bxe3 12. fxe3 Nh6 13. Nh4 Bg4 14. Bd3 Ng7 15. b5 Bf5 16. Na4 Bxd3 17. cxd3 Ne6 18. bxc6 bxc6 19. Rac1 O-O 20. Nc5 Nxc5 21. Rxc5 Rac8 22. Rfc1 Kg7 23. h3 Nf5 24. Nxf5+ Qxf5 25. Rxc6 Rxc6 26. Rxc6 Rb8 27. Rc1 Rb3 28. Rc3 Rb1+ 29. Kh2 Qf1 30. Kg3 g5 31. Qf2 h4+ 32. Kf3 Qd1+ 33. Qe2 Qg1 34. Kg4 Rf1 35. Kxg5 Rf2 36. Qh5 Rxg2+ 37. Kxh4 Rg6 38. e6 Qg3# 0-1


[Site "https://www.chess.com"]

[Event "Titled Tuesday Blitz May 2 Early 2023"]
[White "Tarasova, Viktoriya"]
[Black "Quirke, Jeffrey"]
[WhiteFideId "4175840"]
[BlackFideId "2013029"]
[WhiteElo "2182"]
[BlackElo "2007"]
[Result "1-0"]
[Round "06"]
[TimeControl "180+2"]
[Date "2023.05.02"]
[WhiteClock "0:01:47"]
[BlackClock "0:00:28"]

1. d4 e6 2. c4 b6 3. e4 Bb7 4. Bd3 g6 5. Nc3 Bg7 6. Nge2 d6 7. O-O Ne7 8. Be3 Nd7 9. f3 O-O 10. Qd2 f5 11. b4 e5 12. d5 f4 13. Bf2 g5 14. g4 fxg3 15. Bxg3 Ng6 16. Nd1 h5 17. Ne3 Bh6 18. Nf5 Rxf5 19. exf5 Nf4 20. Nxf4 gxf4 21. Bf2 Kh8 22. Kh1 Nf6 23. Rg1 c6 24. Rg6 Kh7 25. Be4 cxd5 26. cxd5 Rc8 27. Rag1 Rc4 28. Qe2 Bxd5 29. Bxd5 Nxd5 30. Qxc4 1-0


[Site "https://www.chess.com"]